 Dungeon Crawl Stone Soup version 0.31-a0-819-gf6de2f5ab6 (webtiles) character file.

Game seed: 5619675479385450241

406 qw the Shooter (level 6, -6/38 HPs)
             Began as a Gargoyle Hunter on Sept 23, 2023.
             Mangled by an orc warrior
             ... wielding a +0 great sword
              (14 damage)
             ... on level 5 of the Dungeon.
             The game lasted 00:01:07 (2409 turns).

qw the Shooter (Gargoyle Hunter)                    Turns: 2409, Time: 00:01:07

Health: -6/38      AC: 11    Str: 15    XL:     6   Next: 87%
Magic:  6/6        EV: 11    Int:  9    God:
Gold:   137        SH:  0    Dex: 15    Spells: 5/5 levels left

rFire   + . .        Y - +1 shortbow
rCold   . . .        (shield currently unavailable)
rNeg    + + .        k - +0 ring mail
rPois   inf          (no helmet)
rElec   +            g - +1 cloak
rCorr   .            (no gloves)
SInv    .            (no boots)
Will    .....        (no amulet)
Stlth   +            c - ring of positive energy
HPRegen 0.26/turn    h - ring of protection from fire
MPRegen 0.10/turn

%: no passive effects
@: no status effects
A: sickness immunity, AC +4, negative energy resistance 1, electricity
resistance, torment resistance 1, petrification resistance
a: no special abilities


You were on level 5 of the Dungeon.
You visited 1 branch of the dungeon, and saw 5 of its levels.

You collected 137 gold pieces.


Innate Abilities, Weirdness & Mutations

You are immune to sickness and miasma.
Your stone body is resilient. (AC +4)
You are immune to poison.
You resist negative energy. (rN+)
You are resistant to electric shocks. (rElec)
You are resistant to unholy torment.
You are immune to petrification.


   Skills:
 - Level 4.3 Fighting
 + Level 7.0 Ranged Weapons
 - Level 1.0 Armour
 - Level 1.5 Dodging
 - Level 1.1 Stealth


You had 5 spell levels left.
You didn't know any spells.
Your spell library was empty.

Inventory:

Hand Weapons
 Y - a +1 shortbow (weapon)
Armour
 g - a +1 cloak (worn)
 k - a +0 ring mail (worn)
Jewellery
 c - a ring of positive energy (left hand)
 h - a ring of protection from fire (right hand)
Scrolls
 a - a scroll of identify
Potions
 d - a potion of cancellation
 e - a potion of haste {unknown}
 i - a potion of heal wounds {unknown}

Dungeon Overview and Level Annotations

Branches:
Dungeon (5/15)
 Temple: D:4-7

Altars:
Kikubaaqudgha
Xom
The Shining One

Annotations:
D:5 Blork the orc


Message History

The orc warrior moves out of view.
You shoot an arrow.
Blork the orc shouts!
The arrow hits the sleepcap.
The sleepcap is lightly damaged.
An orc comes into view. It is wielding a +0 club.
An orc comes into view. It is wielding a +0 hand axe.
2403 |||
Found retreat position at 5,-6 (floor) with 0 blocking monsters and 2 monsters attacking at destination at distance 6 x2
2403 ||| RETREEAATING. 2 orc warriors and an orc come into view.
Found a falchion.
The orc warrior shouts!
The orc shouts! x2
Blork the orc gestures wildly while chanting.
Blork the orc seems to speed up.
You shoot an arrow. The orc warrior blocks the arrow.
The orc warrior closely misses you.
You shoot an arrow. The orc warrior blocks the arrow.
Blork the orc looks satisfied for a moment.
The orc warrior hits you with a +0 long sword!
You shoot an arrow. The arrow hits the sleepcap!
The sleepcap is heavily damaged.
The orc warrior barely misses you. The sleepcap releases spores at you.
You shoot an arrow. The arrow hits the sleepcap!
The sleepcap is almost destroyed.
The orc warrior hits you with a +0 long sword.
The sleepcap releases spores at you but does no damage.
The orc warrior hits you but does no damage.
The sleepcap releases spores at you but does no damage.
You shoot an arrow.
The arrow hits the sleepcap but does no damage.
The sleepcap is almost destroyed.
The sleepcap releases spores at you but does no damage.
The orc warrior hits you with a +0 great sword!
The orc warrior hits you with a +0 long sword!
You shoot an arrow.
The arrow hits the sleepcap but does no damage.
The sleepcap is almost destroyed.
The sleepcap releases spores at you but does no damage.
The orc warrior hits you with a +0 great sword!
You die...

#.)......#
#..###...#
##..#)#..<#
#...###....
#.o..$.....
#.ooo......
#.oofo.....
########@#.....
##...##......#
##............#
#..........####
#####........###
#......<.....#
.....#.......#
..## #......##
#.......#


You could see Blork the orc (fast), 3 orc warriors, a sleepcap and 3 orcs.

Vanquished Creatures
  3 scorpions
  3 iguanas (D:4)
  An orc wizard (D:3)
  3 gnolls (D:3)
  3 adders
  A worm (D:2)
  A dart slug (D:1)
  3 orcs
  14 endoplasms
  6 giant cockroaches
  5 goblins
  7 hobgoblins
  6 kobolds
  A ball python (D:4)
  4 bats
  4 frilled lizards
  6 rats
71 creatures vanquished.

Notes
Turn   | Place    | Note
-------+----------+-------------------------------------------
     0 | D:1      | qw the Gargoyle Hunter began the quest for the Orb.
     0 | D:1      | Reached XP level 1. HP: 12/12 MP: 1/1
     0 | D:1      | 0 ||| qw: Version: 0.3-a-83-gcd0e7d8
     0 | D:1      | 0 ||| qw: Game counter: 1554
     0 | D:1      | 0 ||| qw: Melee chars always use a shield: true
     0 | D:1      | 0 ||| qw: God list: Okawaru
     0 | D:1      | 0 ||| qw: Allow faded altars: false
     0 | D:1      | 0 ||| qw: Do Orc after clearing Dungeon:15 true
     0 | D:1      | 0 ||| qw: Do second Lair branch before Depths: true
     0 | D:1      | 0 ||| qw: Lair rune preference: random
     0 | D:1      | 0 ||| qw: Goals: Normal
     0 | D:1      | 0 ||| PLANNING D:1-11
    89 | D:1      | Reached XP level 2. HP: 17/17 MP: 2/2
   411 | D:1      | Reached XP level 3. HP: 21/21 MP: 3/3
   547 | D:1      | Reached skill level 5 in Ranged Weapons
   768 | D:1      | 768 ||| UPGRADING to +0 ring mail.
   778 | D:1      | 778 ||| DROPPING +0 leather armour.
   779 | D:1      | 779 ||| READING 2 scrolls labelled FACLU YLASKAEMN.
   780 | D:1      | 780 ||| READING scroll labelled UNUAPI CUL HYX.
   781 | D:1      | 781 ||| READING scroll labelled JUPOAC EXTAL.
   782 | D:1      | 782 ||| READING scroll labelled GILOQA MITSIR.
   783 | D:1      | 783 ||| READING scroll labelled DONIAR EZAASK.
   784 | D:1      | 784 ||| READING scroll labelled LOED JUIPE.
   785 | D:1      | 785 ||| DROPPING scroll of butterflies.
   799 | D:2      | 799 ||| STAIRDANCE
   952 | D:2      | Reached skill level 1 in Armour
  1141 | D:2      | Reached skill level 3 in Fighting
  1141 | D:2      | Reached XP level 4. HP: 27/28 MP: 4/4
  1398 | D:2      | 1398 ||| READING 2 scrolls labelled GOQOGO RUKINNE.
  1454 | D:3      | Noticed a scorpion
  1465 | D:3      | Killed a scorpion
  1466 | D:3      | Reached XP level 5. HP: 25/32 MP: 5/5
  1506 | D:3      | Reached skill level 6 in Ranged Weapons
  1560 | D:3      | Found a glowing golden altar of the Shining One.
  1644 | D:3      | 1644 ||| FLEEEEING.
  1645 | D:3      | 1645 ||| STAIRDANCE
  1665 | D:2      | 1665 ||| DROPPING ring of magical power.
  1666 | D:2      | 1666 ||| READING scroll labelled TETERO FUSASUBOWEY.
  1667 | D:2      | 1667 ||| READING 3 scrolls of identify.
  1667 | D:2      | 1667 ||| IDENTIFYING purple potion
  1668 | D:2      | 1668 ||| READING 2 scrolls of identify.
  1668 | D:2      | 1668 ||| IDENTIFYING sapphire potion
  1669 | D:2      | 1669 ||| DROPPING potion of magic.
  1670 | D:2      | 1670 ||| DROPPING potion of berserk rage.
  1724 | D:3      | Reached XP level 6. HP: 34/38 MP: 6/6
  1952 | D:4      | Found a shimmering altar of Xom.
  1987 | D:4      | 1987 ||| FLEEEEING.
  1988 | D:4      | 1988 ||| STAIRDANCE
  2006 | D:3      | 2006 ||| READING scroll labelled HOCAINAOCA.
  2033 | D:4      | Reached skill level 7 in Ranged Weapons
  2159 | D:4      | Found a shimmering altar of Xom.
  2159 | D:4      | Found a shimmering altar of Xom.
  2159 | D:4      | Found a shimmering altar of Xom.
  2159 | D:4      | Found a shimmering altar of Xom.
  2160 | D:4      | Found a shimmering altar of Xom.
  2160 | D:4      | Found a shimmering altar of Xom.
  2267 | D:4      | Found an ancient bone altar of Kikubaaqudgha.
  2368 | D:4      | 2368 ||| UPGRADING to +0 cloak.
  2373 | D:4      | 2373 ||| READING scroll of enchant armour.
  2373 | D:4      | 2373 ||| ENCHANTING +0 cloak.
  2374 | D:4      | 2374 ||| UPGRADING to ring of positive energy.
  2375 | D:4      | 2375 ||| UPGRADING to ring of protection from fire.
  2376 | D:4      | 2376 ||| READING scroll labelled UQOXTA OLYUJE.
  2377 | D:4      | 2377 ||| READING 2 scrolls of identify.
  2377 | D:4      | 2377 ||| IDENTIFYING cyan potion
  2394 | D:5      | Entered Level 5 of the Dungeon
  2401 | D:5      | Noticed an orc warrior
  2401 | D:5      | Noticed Blork the orc
  2403 | D:5      | 2403 ||| RETREEAATING.
  2403 | D:5      | Noticed an orc warrior
  2403 | D:5      | Noticed an orc warrior
  2408 | D:5      | HP: 8/38 [orc warrior/+0 long sword (12)]
  2409 | D:5      | Mangled by an orc warrior

Levels and vault maps discovered:
D:1:      mrwooster_arrival_statue_3, layout_basic, minmay_tetromino_o2
D:2:      layout_loops_ring
D:3:      layout_rooms, tso_oasis_becter
D:4:      layout_rooms, mainiacjoe_overflow_concentric_impassable,
          xom_redecorated
D:5:      layout_rooms, nicolae_overflow_hidden_temple,
          nicolae_overflow_crystal_walls, mainiacjoe_overflow_cross_hatched,
          sword_in_stone, uniq_grinder, uniq_edmund

Skill      XL: |  1  2  3  4  5  6 |
---------------+-------------------+-----
Ranged Weapons | 5 6 7 |  7.0
Armour         | 1 |  1.0
Fighting       | 3 4 |  4.3
Dodging        | |  1.5
Stealth        | |  1.1

Action                     |  1- 3 |  4- 6 || total
---------------------------+-------+-------++-------
   Fire: Shortbow          |    83 |   163 ||   246
    Use: Scroll            |     6 |     8 ||    14
 Armour: Leather armour    |     6 |       ||     6
         Ring mail         |     4 |    50 ||    54
  Dodge: Dodged            |     7 |    56 ||    63

Table legend:
 A = Non-vault XP
 B = Vault XP
 C = Vault XP percentage of total XP
 D = Non-vault monster count
 E = Vault monster count
 F = Vault count percentage of total count
                 A         B        C        D         E       F
            +---------+---------+-------+---------+---------+-------
      Total |     577 |       4 |   0.7 |      69 |       2 |   2.8
            +---------+---------+-------+---------+---------+-------
        D:1 |      42 |       4 |   8.7 |      24 |       2 |   7.7
        D:2 |      46 |       0 |   0.0 |      13 |       0 |   0.0
        D:3 |     253 |       0 |   0.0 |      15 |       0 |   0.0
        D:4 |     236 |       0 |   0.0 |      17 |       0 |   0.0
            +---------+---------+-------+---------+---------+-------
